[Event "Masterklassen 2025"]
[Site "Uppsala, Sweden"]
[Date "2025.07.05"]
[Round "8.3"]
[White "Granath, Jonas"]
[Black "Muntean, Victor"]
[Result "0-1"]
[TimeControl "90 min for 40 move + 30 min with an increment of 30 sec starting move 1"]
[WhiteFideId "1761013"]
[BlackFideId "1054414"]
[WhiteElo "2008"]
[BlackElo "2140"]

1. e4 g6 2. d4 Bg7 3. Nc3 a6 4. Nf3 b5 5. Bd3 Bb7 6. O-O d6 7. Re1 Nd7 8. Ne2 e5 9. c3 Ngf6 10.
Ng3 O-O 11. a4 bxa4 12. Rxa4 Re8 13. Qb3 Rb8 14. Qa2 d5 15. dxe5 Nxe4 16. Nxe4 dxe4 17. Bxe4 Nxe5 18. Be3 Bxe4 19.
Rxe4 Nd3 20. Bg5 Nxe1 21. Bxd8 Rxe4 22. Bxc7 Rc8 23. Ng5 Re7 24. Bd6 Rd7 25. Qxa6 Rcd8 26. Ne4 h6 27. Kf1 f5 28. Kxe1 Re8 29.
f3 fxe4 30. Kf2 Kh7 31. Bf4 Rde7 32. Qe2 g5 33. Be3 exf3 34. gxf3 Rxe3 35. Qxe3 Rxe3 36. Kxe3 Kg6 37. Ke4 h5 38. h4 g4 39. Kf4 Be5+ 40. Ke3 Bg3 41. f4 Kf5 0-1

[Event "Masterklassen 2025"]
[Site "Uppsala, Sweden"]
[Date "2025.07.05"]
[Round "8.4"]
[White "Nygren, David"]
[Black "Mashhadi, Peyman"]
[Result "1/2-1/2"]
[TimeControl "90 min for 40 move + 30 min with an increment of 30 sec starting move 1"]
[WhiteFideId "1704761"]
[BlackFideId "1768581"]
[WhiteElo "2094"]
[BlackElo "2132"]

1. e4 g6 2. d4 Bg7 3. Nf3 d6 4. c3 Nf6 5. Bd3 Nbd7 6. O-O O-O 7. Re1 e5 8. h3 c6 9. a4 a5 10.
Na3 Qc7 11. dxe5 dxe5 12. Be3 Nh5 13. Bf1 Nf4 14. Nc4 Re8 15. Ng5 Bf8 16. Qb3 Nc5 17. Qb6 Qe7 18. Nf3 f6 19. Bxc5 Qxc5 20.
Red1 Be6 21. Qxc5 Bxc5 22. Nxa5 Rxa5 23. b4 Ra7 24. bxc5 Rea8 25. Rd6 Kf7 26. Rb1 Bc8 27. g3 Nxh3+ 28. Kg2 g5 29. Bc4+ Ke7 30. Bg8 Rxa4 31. Bxh7 Ra2 32. Bf5 g4 33. Nd2 b5 34. f3 Ng5 35. Kf1 Bxf5 36. exf5 gxf3 37.
Rd1 Rh8 38. Nxf3 Rh1+ 39. Ng1 Rxg1+ 40. Kxg1 Nf3+ 41. Kf1 Nh2+ 42. Ke1 Nf3+ 43. Kf1 1/2-1/2

[Event "Masterklassen 2025"]
[Site "Uppsala, Sweden"]
[Date "2025.07.05"]
[Round "8.5"]
[White "Eklund, Joel"]
[Black "Willstedt, Lukas"]
[Result "1-0"]
[TimeControl "90 min for 40 move + 30 min with an increment of 30 sec starting move 1"]
[WhiteFideId "1705288"]
[BlackFideId "1751913"]
[WhiteElo "2194"]
[BlackElo "2055"]

1. d4 e6 2. e4 d5 3. Nc3 Nf6 4. e5 Nfd7 5. f4 c5 6. Nf3 Nc6 7. Be3 a6 8. Be2 b5 9. a3 Qb6 10.
Bf2 Bb7 11. O-O cxd4 12. b4 Qc7 13. Nxd4 O-O-O 14. Nxc6 Qxc6 15. Qd4 f6 16. a4 Bxb4 17. Qxb4 d4 18. Ne4 Qxe4 19. Bf3 Qxf4 20.
Bxb7+ Kxb7 21. axb5 a5 22. Rxa5 Qxe5 23. Ra7+ Kxa7 24. Bxd4+ Qxd4+ 25. Qxd4+ Nb6 26. Ra1+ Kb7 27.
Qe4+ 1-0

[Event "Masterklassen 2025"]
[Site "Uppsala, Sweden"]
[Date "2025.07.05"]
[Round "8.6"]
[White "Hammarstrom, Ulf"]
[Black "Hagevi, Vidar"]
[Result "1/2-1/2"]
[TimeControl "90 min for 40 move + 30 min with an increment of 30 sec starting move 1"]
[WhiteFideId "1710214"]
[BlackFideId "1767526"]
[WhiteElo "2176"]
[BlackElo "2139"]

1. e4 c5 2. c3 Nf6 3. e5 Nd5 4. Nf3 e6 5. d4 cxd4 6. cxd4 d6 7. Bc4 Be7 8. O-O O-O 9. Qe2 b6 10.
Rd1 Bb7 11. Bxd5 Bxd5 12. Nc3 Bb7 13. d5 exd5 14. e6 fxe6 15. Qxe6+ Rf7 16. Nxd5 Qd7 17. Nxe7+ Qxe7 18. Qxe7 Rxe7 19.
Rxd6 Bxf3 20. Rd8+ Kf7 21. gxf3 Re8 22. Rxe8 Kxe8 23. b3 Nd7 24. Bb2 Nf6 25. Rc1 Kd7 26. Rc4 Re8 27. Bxf6 gxf6 28.
Rh4 Re7 29. Rf4 Rf7 30. Kf1 Ke6 31. Ke2 Ke5 32. Re4+ Kf5 33. Ke3 Kg5 34. Rg4+ Kf5 35. Rf4+ Kg5 36. Rg4+ 1/2-1/2

[Event "Masterklassen 2025"]
[Site "Uppsala, Sweden"]
[Date "2025.07.05"]
[Round "8.7"]
[White "Johnson, Daniel"]
[Black "Odell-Johansson, Leo"]
[Result "1/2-1/2"]
[TimeControl "90 min for 40 move + 30 min with an increment of 30 sec starting move 1"]
[WhiteFideId "1721283"]
[BlackFideId "1722727"]
[WhiteElo "2175"]
[BlackElo "1991"]

1. Nf3 Nf6 2. c4 e6 3. e3 d5 4. b3 c5 5. Bb2 Nc6 6. cxd5 exd5 7. d3 Bd6 8. g3 Bf5 9. a3 O-O 10.
Bg2 Qa5+ 11. Bc3 Qa6 12. d4 Ne4 13. Nh4 Nxc3 14. Nxc3 Be6 15. dxc5 Be5 16. Rc1 d4 17. Ne4 dxe3 18.
fxe3 Bb2 19. Rb1 Bxa3 20. Kf2 Ne5 21. h3 Nd3+ 22. Kg1 Bxc5 23. Kh2 Rad8 24. Qh5 Be7 25. Rhd1 Qa2 26. Ra1 Qxb3 27.
Rab1 Qc2 28. Rxb7 Bxh4 29. Rd2 Qc8 30. Qxh4 Ne1 31. Ng5 h6 32. Rxd8 Rxd8 33. Be4 Rd2+ 34. Kh1 Bd5 35. Bxd5 Rxd5 36.
Qb4 Qc6 37. Rb8+ Rd8+ 38. e4 Qd7 39. Qb7 Qe8 40. Qxf7+ Qxf7 41. Rxd8+ Qf8 42. Rxf8+ Kxf8 43. Ne6+ Kf7 44. Nc5 Kf6 45.
Kg1 Ke5 46. Kf2 Nc2 47. Ke2 a5 48. Kd3 Nd4 49. Ke3 Ne6 50. Na4 Kd6 51. Nb2 Kc5 52. h4 Kb4 53. e5 Kb3 54. Nd3 a4 55.
Ke4 Kc3 56. Nc1 Kc4 57. Kf5 Nd4+ 58. Kg6 Kd5 59. Kxg7 Nf5+ 60. Kf6 Nxg3 61. e6 Ne4+ 62. Kf7 Nd6+ 63. Kf6 Ne4+ 64. Kf7 Nd6+ 65.
Kf6 Ne4+ 1/2-1/2

[Event "Masterklassen 2025"]
[Site "Uppsala, Sweden"]
[Date "2025.07.05"]
[Round "8.8"]
[White "Ask, Josef"]
[Black "Karde, Douglas"]
[Result "1/2-1/2"]
[TimeControl "90 min for 40 move + 30 min with an increment of 30 sec starting move 1"]
[WhiteTitle "FM"]
[WhiteFideId "1704583"]
[BlackFideId "1761498"]
[WhiteElo "2121"]
[BlackElo "2064"]

1. e4 Nc6 2. Ne2 e6 3. g3 d5 4. Bg2 dxe4 5. Nbc3 f5 6. f3 exf3 7. Bxf3 Nf6 8. d4 Be7 9. O-O O-O 10.
a3 h6 11. Qd3 Bd6 12. Nb5 Ne7 13. c4 a6 14. Nxd6 cxd6 15. Rd1 Qc7 16. b4 e5 17. dxe5 dxe5 18. Qd6 Qxd6 19. Rxd6 Ne8 20. Rb6 e4 21. Bg2 Rf6 22. Rxf6 Nxf6 23. Bb2 Be6 24. Bxf6 gxf6 25. Nf4 Bxc4 26. Rd1 Bb5 27. Rd6 Kf7 28. Nh5 Ng8 29.
Bh3 Rc8 30. Bxf5 Rc1+ 31. Kg2 e3 32. Nf4 e2 33. Nxe2 Bxe2 34. Be6+ Ke7 35. Rb6 Bc4 36.
Bxc4 Rxc4 37. Rxb7+ Kd6 38. Ra7 Rc6 39. Kh3 Ne7 40. Kh4 Nf5+ 41. Kh5 Ke5 42. Kg6 Ne3 43. a4 f5+ 44. Kg7 Rb6 45. b5 axb5 46. axb5 Rxb5 47. Re7+ Kd4 48. Kxh6 Ng4+ 49. Kg5 Nxh2 50.
Kf4 Rd5 51. Rf7 Ng4 52. Rxf5 Ne5 53. Rf6 Rd8 54. Kf5 Kd5 55. g4 Nxg4 56. Kxg4 1/2-1/2

[Event "Masterklassen 2025"]
[Site "Uppsala, Sweden"]
[Date "2025.07.05"]
[Round "8.9"]
[White "Sundin, Emanuel"]
[Black "Dingertz, Erik"]
[Result "1-0"]
[TimeControl "90 min for 40 move + 30 min with an increment of 30 sec starting move 1"]
[WhiteFideId "1719173"]
[BlackFideId "1741578"]
[WhiteElo "2117"]
[BlackElo "2121"]

1. e4 e5 2. Nf3 Nc6 3. Bc4 Bc5 4. c3 Nf6 5. d3 O-O 6. O-O d5 7. exd5 Nxd5 8. Re1 Bg4 9. Nbd2 Nb6 10.
h3 Bh5 11. b4 Be7 12. Qe2 a6 13. Bb3 Kh8 14. Ne4 f5 15. Ng3 Bg6 16. Bb2 Bf6 17. Rad1 Qd7 18. a4 Rae8 19. Qd2 Nc8 20.
Ba3 b5 21. c4 Nd4 22. Nxd4 exd4 23. cxb5 axb5 24. a5 Ne7 25. Ne2 Bh5 26. Rc1 Bxe2 27. Rxe2 f4 28. Be6 Qd6 29. Bg4 Ng6 30.
Bf3 Ne5 31. Rxe5 Rxe5 32. Rc6 Qe7 33. Qc2 Re1+ 34. Kh2 Be5 35. Qc5 Bd6 36. Qxd4 Qh4 37. Rxd6 cxd6 38. Bb2 Qg5 39. a6 d5 40.
a7 Ree8 41. Qc5 Rd8 42. Qxb5 h5 43. Bd4 h4 44. Qa4 Rfe8 45. Qa1 Kh7 46. b5 Re7 47. Qd1 Rde8 48. Bg4 Qg6 49. b6 Re1 50.
Qf3 Rb1 51. Bh5 Qg3+ 52. fxg3 Ree1 53. Bg6+ Kxg6 54. Qg4+ Kf7 55. Qxf4+ Ke7 56. gxh4 1-0

[Event "Masterklassen 2025"]
[Site "Uppsala, Sweden"]
[Date "2025.07.05"]
[Round "8.10"]
[White "Mardell, Jimmy"]
[Black "Soppela, Toni"]
[Result "1/2-1/2"]
[TimeControl "90 min for 40 move + 30 min with an increment of 30 sec starting move 1"]
[WhiteFideId "1705610"]
[BlackFideId "1766163"]
[WhiteElo "2227"]
[BlackElo "2090"]

1. e4 e5 2. Nf3 Nc6 3. Bc4 Bc5 4. c3 Nf6 5. d3 a5 6. O-O d6 7. Re1 Ba7 8. Bb3 h6 9. Be3 O-O 10.
Bxa7 Rxa7 11. h3 Re8 12. Nbd2 Be6 13. Bxe6 Rxe6 14. d4 Re8 15. a3 a4 16. Qe2 Qd7 17. Rad1 Raa8 18. Kh2 g6 19.
Qd3 Re7 20. Nf1 Qe8 21. Ng3 Kh7 22. Nh4 Rd8 23. Qf3 Ng8 24. Qe2 Nb8 25. Qc2 b5 26. Nf3 Nd7 27. dxe5 dxe5 28. c4 c6 29.
Rd6 Nb6 30. Rxd8 Qxd8 31. Rd1 Rd7 32. Rxd7 Nxd7 33. cxb5 cxb5 34. Qd3 Qe7 35. Qxb5 Nc5 36. Qb8 Nd3 37. Qb5 Nc5 38. Nd2 Nf6 39.
Qc4 h5 40. Ngf1 Kg7 41. f3 h4 42. b4 axb3 43. Nxb3 Ne6 44. a4 Nh5 45. a5 Nhf4 46. Qc3 f6 47. Ne3 Qa3 48. Qc2 Kh6 49.
Nd5 Kg5 50. Nb6 Qb4 51. Nc4 Qe1 52. Qd2 Qf1 53. Ne3 Qb5 54. Qa2 Qd3 55. Ng4 Qf1 56. Qf2 Qb5 57. Qc2 Qf1 58. Qd2 Qb5 59.
Nc1 Nd4 60. Ne3 Nc6 61. Qd7 Qc5 62. Qg4+ Kh6 63. Qxh4+ Kg7 64. Ng4 Nh5 65. Qe1 Qxa5 66. Qe3 g5 67. h4 Kg6 68. hxg5 fxg5 69. Qb3 Nd4 70. Qb8 Nxf3+ 71. Kh3 Ng1+ 72. Kh2 Nf3+ 73. Kh3 Ng1+ 74. Kh2 Nf3+ 75. Kh3 1/2-1/2

[Event "Masterklassen 2025"]
[Site "Uppsala, Sweden"]
[Date "2025.07.05"]
[Round "8.11"]
[White "Jonsson, Jacob"]
[Black "Lundberg, David"]
[Result "0-1"]
[TimeControl "90 min for 40 move + 30 min with an increment of 30 sec starting move 1"]
[WhiteFideId "1726315"]
[BlackFideId "1707051"]
[WhiteElo "2112"]
[BlackElo "2193"]

1. d4 Nf6 2. c4 c5 3. d5 e6 4. Nc3 exd5 5. cxd5 d6 6. Bf4 a6 7. a4 g6 8. h3 Bg7 9. e3 O-O 10.
Bd3 Qe7 11. Nf3 Nbd7 12. O-O Ne8 13. Rb1 Ne5 14. Bc2 Bd7 15. Qe2 Nxf3+ 16. Qxf3 g5 17. Bh2 f5 18. Rfe1 h6 19. Qg3 b5 20.
f4 b4 21. Nd1 c4 22. b3 Rc8 23. e4 cxb3 24. Qxb3 gxf4 25. Bxf4 fxe4 26. Bg3 a5 27. Bxe4 Qg5 28. Kh2 Be5 29.
Re3 Nf6 30. Bc2 Rc3 31. Bxe5 Rxb3 32. Bxb3 dxe5 33. Rg3 Ng4+ 34. hxg4 Rf1 35. Rb2 Qh4+ 36. Rh3 Qe1 37. d6+ Kg7 38.
Nf2 Rxf2 39. Rxf2 Qxf2 40. Rf3 Qh4+ 41. Kg1 Qxg4 0-1

[Event "Masterklassen 2025"]
[Site "Uppsala, Sweden"]
[Date "2025.07.05"]
[Round "8.12"]
[White "Schriever-Abeln, Marius"]
[Black "Ostensson, Julia"]
[Result "1/2-1/2"]
[TimeControl "90 min for 40 move + 30 min with an increment of 30 sec starting move 1"]
[WhiteFideId "1752650"]
[BlackFideId "1747703"]
[WhiteElo "2052"]
[BlackElo "2005"]

1. Nf3 Nf6 2. g3 g6 3. Bg2 Bg7 4. O-O c5 5. d3 O-O 6. Nbd2 Nc6 7. e4 d6 8. c3 e5 9. a4 h6 10.
Nc4 Be6 11. Qe2 Re8 12. Ne3 a6 13. Ne1 d5 14. exd5 Nxd5 15. N1c2 Qd7 16. Rd1 Rad8 17. Nxd5 Bxd5 18. Bxd5 Qxd5 19.
Ne3 Qe6 20. Ng2 Na5 21. Be3 Nb3 22. Ra3 Nd4 23. Bxd4 exd4 24. Qxe6 Rxe6 25. Rb3 dxc3 26. bxc3 c4 27. Rxb7 cxd3 28.
Nf4 Red6 29. c4 d2 30. Nd5 Rxd5 31. cxd5 Bc3 32. Kg2 Rxd5 33. Rb3 Ba5 34. Kf3 Rd4 35. Ra3 Rc4 36. Ke2 Rc1 37.
Rd3 Rc4 38. Rd6 Rxa4 39. Rxa6 Re4+ 40. Kd3 Re1 41. Kc2 Re5 42. Ra1 Rc5+ 43. Kd1 Bc3 44. Rb1 Re5 45. Kc2 Ba5 46. Ra8+ Kg7 47.
Rab8 Re1 48. R8b5 h5 49. h3 Bc3 50. g4 hxg4 51. hxg4 Bd4 52. f3 Be3 53. Rd1 f5 54. gxf5 g5 55.
Re5 Kf6 56. Re8 Kxf5 57. Rf8+ Ke5 58. Rxd2 1/2-1/2

[Event "Masterklassen 2025"]
[Site "Uppsala, Sweden"]
[Date "2025.07.05"]
[Round "8.13"]
[White "Wakeham, Daniel"]
[Black "Johansson, William"]
[Result "1/2-1/2"]
[TimeControl "90 min for 40 move + 30 min with an increment of 30 sec starting move 1"]
[WhiteFideId "1705482"]
[BlackFideId "1744070"]
[WhiteElo "2045"]
[BlackElo "2026"]

1. d4 Nf6 2. c4 e6 3. Nc3 Bb4 4. Nf3 b6 5. Bg5 Bb7 6. e3 O-O 7. Rc1 h6 8. Bh4 d5 9. cxd5 exd5 10. a3 Be7 11. Bd3 Ne4 12.
Bxe7 Qxe7 13. O-O Rd8 14. Bb1 c5 15. dxc5 bxc5 16. Nxe4 dxe4 17. Qc2 Nd7 18. Nd2 Nf6 19. Rfd1 Rac8 20.
h3 Rd5 21. Ba2 Rg5 22. Nc4 Bd5 23. Rd2 Qe6 24. Kh1 Rh5 25. Kg1 g5 26. Rxd5 Nxd5 27. Nd2 Re8 28. Nxe4 Qxe4 29. Qxe4 Rxe4 30.
Bxd5 Re5 31. Rxc5 Kg7 32. e4 Re7 33. b4 Rh4 34. g3 Rxh3 35. b5 g4 36. Bc6 h5 37. a4 h4 38. Rg5+ Kh6 39.
Rxg4 hxg3 40. fxg3 Rh5 41. Rh4 Rxh4 42. gxh4 Kh5 43. a5 Re5 44. Bd5 Kxh4 45. a6 Kg3 46. b6 axb6 47. a7 Re8 48.
a8=Q Rxa8 49. Bxa8 Kf4 50. Bd5 f5 51. exf5 1/2-1/2

[Event "Masterklassen 2025"]
[Site "Uppsala, Sweden"]
[Date "2025.07.05"]
[Round "8.14"]
[White "Malm, Simon"]
[Black "Jaderberg, Bjorn"]
[Result "1-0"]
[TimeControl "90 min for 40 move + 30 min with an increment of 30 sec starting move 1"]
[WhiteFideId "1759825"]
[BlackFideId "1712403"]
[WhiteElo "2007"]
[BlackElo "2112"]

1. d4 e6 2. c4 b6 3. a3 f5 4. Nc3 Nf6 5. g3 Bb7 6. d5 Be7 7. Bg2 O-O 8. Nh3 a5 9. O-O Qc8 10.
e4 fxe4 11. Nxe4 exd5 12. Nxf6+ Bxf6 13. Bxd5+ Kh8 14. Ng5 Bxd5 15. Qxd5 Nc6 16. Nf7+ Rxf7 17. Qxf7 Ne5 18. Qd5 c6 19.
Qe4 Qg8 20. Bg5 Qxc4 21. Qxc4 Nxc4 22. Bxf6 gxf6 23. b3 Ne5 24. f4 Ng6 25. Rfe1 Kg8 26. Rad1 Ra7 27. Re8+ Kf7 28. Rb8 b5 29.
Kf2 Ne7 30. Ke3 a4 31. b4 Rc7 32. g4 Nd5+ 33. Kf3 d6 34. Rd3 Rd7 35. Rxd5 cxd5 36. Rxb5 Rc7 37. Rxd5 Rc3+ 38. Ke4 Rxa3 39.
Rxd6 Rb3 40. Kf5 Rxb4 41. Rxf6+ Kg7 42. Ra6 Rb5+ 43. Ke6 Rb4 44. Ra7+ Kh6 45. g5 Kg6 46. Ke5 Rb5+ 47. Ke4 Rb4+ 48.
Kf3 Rb3+ 49. Kg4 h5+ 50. gxh6 Kxh6 51. Rxa4 Rb5 52. Ra6+ Kg7 53. h4 Rc5 54. Re6 Kf7 55. Re5 Rc1 56.
Re3 Rc5 57. h5 Kf6 58. Ra3 Kg7 59. Ra7+ Kh6 60. Ra6+ Kg7 61. f5 Rc1 62. h6+ Kf7 63. Ra3 Rg1+ 64. Rg3 Ra1 65. Kg5 Rb1 66.
Rg4 Ra1 67. h7 Kg7 68. Rh4 Kh8 69. Rd4 Kxh7 70. Kf6 Rf1 71. Rg4 Ra1 72. Rg7+ Kh8 73. Re7 Rf1 74. Kg6 Rg1+ 75. Kf7 Rg7+ 76.
Ke6 Rg1 77. f6 Re1+ 78. Kf7 Rf1 79. Re2 Rh1 80. Ke8 1-0

[Event "Masterklassen 2025"]
[Site "Uppsala, Sweden"]
[Date "2025.07.05"]
[Round "8.15"]
[White "Sergelenbaatar, Khaschuluu"]
[Black "Kingsley, Elias"]
[Result "1-0"]
[TimeControl "90 min for 40 move + 30 min with an increment of 30 sec starting move 1"]
[WhiteFideId "4920929"]
[BlackFideId "1775006"]
[WhiteElo "1996"]
[BlackElo "2072"]

1. e4 e6 2. d4 d5 3. Nc3 Nf6 4. e5 Nfd7 5. f4 c5 6. Nf3 Nc6 7. Be3 Be7 8. Qd2 a6 9. Be2 b5 10.
a3 Bb7 11. O-O Rc8 12. Nd1 f5 13. c3 Na5 14. Rb1 Nc4 15. Qd3 a5 16. Bc1 Ba6 17. g4 g6 18. gxf5 gxf5 19. Ng5 Bxg5 20.
Bh5+ Kf8 21. fxg5 Kg7 22. b3 Ncb6 23. Kh1 Ra8 24. b4 axb4 25. axb4 cxd4 26. cxd4 Nc4 27. Nc3 Qb6 28. Nxd5 Qc6 29.
Bf3 exd5 30. Qxf5 Raf8 31. Qh3 Ndb6 32. e6 h5 33. gxh6+ Kh7 34. Bg4 Rhg8 35. Qd3+ Kh8 36. Rxf8 Rxf8 37. Qg6 Qc7 38. Bg5 1-0

[Event "Masterklassen 2025"]
[Site "Uppsala, Sweden"]
[Date "2025.07.05"]
[Round "8.16"]
[White "Lind, Jan-Olov"]
[Black "Darnell, Anton"]
[Result "1-0"]
[TimeControl "90 min for 40 move + 30 min with an increment of 30 sec starting move 1"]
[WhiteFideId "1701193"]
[BlackFideId "1720244"]
[WhiteElo "2057"]
[BlackElo "2007"]

1. e4 e5 2. Nf3 Nc6 3. d4 exd4 4. Bb5 a6 5. Ba4 f5 6. exf5 Qe7+ 7. Kf1 b5 8. Bb3 Na5 9. Bd5 c6 10.
Bxg8 Rxg8 11. Bg5 Qe4 12. Nbd2 Qxf5 13. Qe2+ Qe6 14. Re1 Qxe2+ 15. Rxe2+ Kf7 16. Ne5+ Ke6 17. Nxc6+ Kf5 18. Re5+ Kg6 19.
Nxa5 d6 20. Re8 Kxg5 21. Ne4+ Kg6 22. Nxd6 Bxd6 23. Rxg8 Kf7 24. Rh8 Bf8 25. Nc6 Be6 26. b3 h6 27. Nxd4 Rd8 28. Rxf8+ Rxf8 29.
Nxe6 Kxe6 30. Ke2 Rc8 31. Re1 Kf5 32. Kd3 Rd8+ 33. Ke3 Rc8 34. Kd2 g5 35. Re3 g4 36. Rc3 Rd8+ 37. Rd3 Rf8 38.
f3 h5 39. fxg4+ hxg4 40. h3 Ke4 41. Re3+ Kd4 42. c3+ Kd5 43. hxg4 Rf2+ 44. Re2 Rf4 45. Ke3 Rxg4 46. Kf3 Rg7 47. g4 Rc7 48. Re3 Rf7+ 49. Kg3 Rg7 50.
Kf4 Rf7+ 51. Kg5 Rf2 52. a3 Ra2 53. a4 bxa4 54. bxa4 Rxa4 55. Kf5 Ra1 56. g5 Rf1 57. Kg6 a5 58.
Kh7 Rh1+ 59. Kg7 a4 60. g6 a3 61. c4+ Kxc4 62. Rxa3 Kd4 63. Rf3 1-0

[Event "Masterklassen 2025"]
[Site "Uppsala, Sweden"]
[Date "2025.07.06"]
[Round "9.2"]
[White "Crevatin, Leo"]
[Black "Eklund, Joel"]
[Result "1/2-1/2"]
[TimeControl "90 min for 40 move + 30 min with an increment of 30 sec starting move 1"]
[WhiteTitle "FM"]
[WhiteFideId "1726307"]
[BlackFideId "1705288"]
[WhiteElo "2248"]
[BlackElo "2194"]

1. d4 Nf6 2. c4 e6 3. Nc3 d5 4. cxd5 exd5 5. Bg5 Be7 6. e3 c6 7. Bd3 Nbd7 8. h3 h6 9. Bf4 Nb6 10.
Nf3 Bd6 11. Ne5 Qe7 12. Bg3 Nfd7 13. f4 Nxe5 14. fxe5 Bc7 15. a3 Be6 16. Qf3 O-O 17. O-O f5 18. Qh5 Qf7 19. Qxf7+ Rxf7 20.
Rae1 Nd7 21. Ne2 g5 22. Rf3 c5 23. Ref1 Raf8 24. Be1 Bb6 25. Kh1 cxd4 26. Nxd4 Bxd4 27. exd4 f4 28. Bb4 Rc8 29.
Re1 Kg7 30. Rff1 Nb8 31. Bc3 Nc6 32. Kg1 Ne7 33. Rc1 Nf5 34. Bxf5 Bxf5 35. Bd2 Rfc7 36. Rxc7+ Rxc7 37. Rc1 Rxc1+ 38. Bxc1 Bd7 39. Kf2 Kg6 40.
h4 Kf5 41. hxg5 hxg5 42. g3 Ke4 43. gxf4 g4 44. Bd2 Kxd4 45. Be3+ Ke4 46. Bxa7 Kxf4 47. e6 Bxe6 48. Bb8+ Ke4 49.
Ke2 d4 50. Kd2 Bc4 51. Bc7 Kf3 52. Bb6 Ke4 53. Bc7 Kf3 54. Bb6 d3 55. Ke1 g3 56. Bc7 Bd5 57. Kd2 Be4 58. Bb6 Kg2 59. a4 Bc6 60. b3 Bd5 61.
a5 Bxb3 62. a6 bxa6 63. Kxd3 Kf1 64. Kc3 Bd5 65. Kb2 g2 1/2-1/2

[Event "Masterklassen 2025"]
[Site "Uppsala, Sweden"]
[Date "2025.07.06"]
[Round "9.3"]
[White "Eriksson, Jorgen"]
[Black "Walinder, Lars"]
[Result "1-0"]
[TimeControl "90 min for 40 move + 30 min with an increment of 30 sec starting move 1"]
[BlackTitle "FM"]
[WhiteFideId "1701967"]
[BlackFideId "1707329"]
[WhiteElo "2160"]
[BlackElo "2181"]

1. d4 d5 2. Nf3 Nf6 3. Bf4 c5 4. e3 Nc6 5. Nbd2 cxd4 6. exd4 Qb6 7. Nb3 Bg4 8. Be2 e6 9. c3 Be7 10.
O-O O-O 11. Re1 Rac8 12. Ne5 Nxe5 13. Bxe5 Bxe2 14. Qxe2 a6 15. Nc1 Qc6 16. Nd3 b5 17. a4 Nd7 18. axb5 axb5 19. Ra7 Bd6 20.
Bxd6 Qxd6 21. Rea1 Rb8 22. h3 h6 23. R1a6 Nb6 24. Nb4 Ra8 25. Rxa8 Rxa8 26. Rxa8+ Nxa8 27. Qxb5 Nb6 28. Qe8+ Kh7 29.
Qxf7 Nc4 30. Nd3 Qa6 31. Nf4 Qa1+ 32. Kh2 Nd2 33. h4 Nf1+ 34. Kh3 Nd2 35. Kh2 Nf1+ 36. Kh3 Nd2 37. Nxe6 Qh1+ 38.
Kg3 Ne4+ 39. Kf3 Qd1+ 40. Kf4 1-0

[Event "Masterklassen 2025"]
[Site "Uppsala, Sweden"]
[Date "2025.07.06"]
[Round "9.4"]
[White "Mashhadi, Peyman"]
[Black "Sundin, Emanuel"]
[Result "1-0"]
[TimeControl "90 min for 40 move + 30 min with an increment of 30 sec starting move 1"]
[WhiteFideId "1768581"]
[BlackFideId "1719173"]
[WhiteElo "2132"]
[BlackElo "2117"]

1. d4 d5 2. Nf3 e6 3. c4 c6 4. g3 dxc4 5. Bg2 b5 6. O-O Bb7 7. b3 cxb3 8. Qxb3 Nf6 9. Ne5 Qc8 10.
Nd2 Nbd7 11. Ba3 Bxa3 12. Qxa3 c5 13. Nxd7 Qxd7 14. Bxb7 Qxb7 15. dxc5 O-O 16. Rac1 Qc7 17. Qa6 Rab8 18.
Nf3 Ne4 19. Nd4 Nxc5 20. Qc6 Qxc6 21. Nxc6 Ne4 22. Nxb8 Rxb8 23. Rfd1 Nf6 24. Rc7 a5 25. Rb7 Rxb7 26. Rd8+ Ne8 27.
Rxe8# 1-0

[Event "Masterklassen 2025"]
[Site "Uppsala, Sweden"]
[Date "2025.07.06"]
[Round "9.5"]
[White "Lundberg, David"]
[Black "Nygren, David"]
[Result "0-1"]
[TimeControl "90 min for 40 move + 30 min with an increment of 30 sec starting move 1"]
[WhiteFideId "1707051"]
[BlackFideId "1704761"]
[WhiteElo "2193"]
[BlackElo "2094"]

1. e4 e6 2. d4 d5 3. Nd2 c5 4. exd5 exd5 5. Ngf3 Nf6 6. Bb5+ Nc6 7. O-O Be7 8. dxc5 O-O 9. Nb3 Bg4 10.
c3 Ne4 11. h3 Bh5 12. Be3 a5 13. a4 Rc8 14. Be2 Re8 15. Re1 Bf6 16. Nbd4 Be7 17. Nb3 Bf6 18. Qc2 Bg6 19. Bd3 Ne5 20.
Nxe5 Bxe5 21. Bd4 Bb8 22. f3 Ng5 23. Bxg6 hxg6 24. Qf2 Qc7 25. Kf1 Qh2 26. Qg1 Qf4 27. Qf2 Ne6 28. Be3 Qc4+ 29.
Kg1 Qxb3 30. Ra3 Qc4 0-1

[Event "Masterklassen 2025"]
[Site "Uppsala, Sweden"]
[Date "2025.07.06"]
[Round "9.6"]
[White "Odell-Johansson, Leo"]
[Black "Hammarstrom, Ulf"]
[Result "1/2-1/2"]
[TimeControl "90 min for 40 move + 30 min with an increment of 30 sec starting move 1"]
[WhiteFideId "1722727"]
[BlackFideId "1710214"]
[WhiteElo "1991"]
[BlackElo "2176"]

1. c4 Nf6 2. Nc3 e6 3. e4 c5 4. e5 Ng8 5. Nf3 Nc6 6. d4 cxd4 7. Nxd4 Nxe5 8. Ndb5 a6 9. Nd6+ Bxd6 10. Qxd6 f6 11. Be3 Ne7 12.
Qa3 Nf5 13. Nb5 axb5 14. Qxa8 Nxe3 15. fxe3 Qb6 16. Qxc8+ Kf7 17. Qxh8 Qxe3+ 18. Kd1 Qd4+ 19. Kc2 Qe4+ 20. Kc1 1/2-1/2

[Event "Masterklassen 2025"]
[Site "Uppsala, Sweden"]
[Date "2025.07.06"]
[Round "9.7"]
[White "Hagevi, Vidar"]
[Black "Johnson, Daniel"]
[Result "0-1"]
[TimeControl "90 min for 40 move + 30 min with an increment of 30 sec starting move 1"]
[WhiteFideId "1767526"]
[BlackFideId "1721283"]
[WhiteElo "2139"]
[BlackElo "2175"]

1. d4 Nf6 2. c4 e6 3. Nf3 d5 4. g3 h6 5. Bg2 Bd6 6. O-O O-O 7. Qc2 b6 8. Nc3 Bb7 9. cxd5 exd5 10.
Rd1 Re8 11. Nh4 Bf8 12. Nf5 Na6 13. b3 Rc8 14. Bb2 c6 15. Rac1 Nc7 16. e3 Qd7 17. Bh3 Ne6 18. Nh4 Qd8 19.
Nf3 Rc7 20. Ne5 Qa8 21. Bg2 Rd8 22. Qe2 Re8 23. Ng4 Nxg4 24. Qxg4 Qc8 25. h4 Qd8 26. Qf5 Bc8 27. Qf3 Bb7 28.
Ne2 Bd6 29. Rc2 Rce7 30. Nc1 Nf8 31. Nd3 Nd7 32. Qf5 Re6 33. Bh3 R6e7 34. Rdc1 Qb8 35. Bg2 Qd8 36. a3 Re6 37. Bh3 R6e7 38.
Qf3 Qb8 39. Bg2 Nf6 40. Qf5 Bc8 0-1

[Event "Masterklassen 2025"]
[Site "Uppsala, Sweden"]
[Date "2025.07.06"]
[Round "9.8"]
[White "Karde, Douglas"]
[Black "Granath, Jonas"]
[Result "1-0"]
[TimeControl "90 min for 40 move + 30 min with an increment of 30 sec starting move 1"]
[WhiteFideId "1761498"]
[BlackFideId "1761013"]
[WhiteElo "2064"]
[BlackElo "2008"]

1. e4 e5 2. f4 d5 3. exd5 exf4 4. Nf3 Nf6 5. c4 c6 6. Nc3 cxd5 7. cxd5 Nxd5 8. Bc4 Be6 9. Qb3 Nc7 10.
Bxe6 Nxe6 11. d4 Be7 12. Qxb7 Nd7 13. O-O O-O 14. Ne5 Nxe5 15. dxe5 Bc5+ 16. Kh1 Be3 17. Bxe3 fxe3 18. Rae1 Qb8 19.
Qe4 Qxb2 20. Rxe3 Rac8 21. Nd5 Rfe8 22. Qf5 Qb7 23. Nf6+ gxf6 24. exf6 Kh8 25. Rh3 Nf8 26. Qg5 Ne6 27.
Qh4 Ng5 28. Qxg5 Rg8 29. Rxh7+ Kxh7 30. Qh5# 1-0